 Dungeon Crawl Stone Soup version 0.32-a0-913-g739538a (webtiles) character file.

Game seed: 6291419269576768169

22960 Dorkslayer the Severer (level 12, -10/103 HPs)
             Began as a Mountain Dwarf Fighter on Apr 8, 2024.
             Was the Champion of Okawaru.
             Killed by an exploding ogre (43 damage)
             ... ignited by their inner flame
             ... on level 2 of the Orcish Mines.
             The game lasted 00:32:11 (9723 turns).

Dorkslayer the Severer (Mountain Dwarf Fighter)     Turns: 9723, Time: 00:32:11

Health: -10/103    AC: 21    Str: 30    XL:     12   Next: 67%
Magic:  19/19      EV: 17    Int:  9    God:    Okawaru [******]
Gold:   1678       SH:  4    Dex:  9    Spells: 11/11 levels left

rFire   . . .        a - +3 war axe (drain)
rCold   . . .        c - +0 buckler
rNeg    . . .        K - +0 plate armour
rPois   .            d - +0 helmet
rElec   .            r - +0 cloak
rCorr   .            n - +1 pair of gloves
SInv    .            k - +2 pair of slick slippers {slick, slippery, EV+4}
Will    +....        (no amulet) Stlth
                     P - +5 ring of evasion
HPRegen 0.37/turn    v - +6 ring of strength
MPRegen 0.16/turn

%: no passive effects
@: mighty
A: runic magic, artefact enchanting
a: Renounce Religion, Heroism, Finesse, Duel


You were on level 2 of the Orcish Mines.
You worshipped Okawaru.
Okawaru was exalted by your worship.
You visited 3 branches of the dungeon, and saw 13 of its levels.

You collected 2410 gold pieces.
You spent 732 gold pieces at shops.

Inventory:

Hand Weapons
 a - a +3 war axe of draining (weapon)
 u - a +1 war axe of flaming
 G - a +0 broad axe of freezing
 J - a +7 flail
Missiles
 g - 11 boomerangs
 L - 3 throwing nets
 N - a silver javelin
 Q - 2 atropa-tipped darts
Armour
 c - a +0 buckler (worn)
 d - a +0 helmet (worn)
 k - the +2 pair of slick slippers (worn) {slick, slippery, EV+4}
   (Okawaru gifted it to you on level 1 of the Orcish Mines)

   Slick:     Its wearer cannot be constricted, engulfed, netted, webbed, or
   stopped by binding sigils.
   Slippery:  Its wearer slips away from damaging melee attacks, pulling the
   attacker onward.
   EV+4:      It affects your evasion (+4).
 n - a +1 pair of gloves (worn)
 r - a +0 cloak (worn)
 K - a +0 plate armour (worn)
Jewellery
 h - a ring of ice
 o - a ring of protection from fire
 v - a +6 ring of strength (right hand)
 x - a ring of poison resistance
 F - a +4 ring of protection
 P - a +5 ring of evasion (left hand)
 R - a ring of fire
Talismans
 q - a blade talisman
 y - a blade talisman
Wands
 b - a wand of warping (13)
 I - a wand of mindburst (6)
Scrolls
 l - 6 scrolls of immolation
 m - 5 scrolls of teleportation
 p - 2 scrolls of vulnerability
 s - 2 scrolls of fear
 z - 2 scrolls of poison
 B - 2 scrolls of identify
 C - 2 scrolls of enchant armour
 E - a scroll of silence
Potions
 f - a potion of magic {unknown}
 i - 2 potions of cancellation
 j - 2 potions of attraction
 t - a potion of lignification {unknown}
 w - a potion of ambrosia
 A - 2 potions of brilliance
 H - a potion of mutation


   Skills:
 + Level 8.7 Fighting
 * Level 18.8 Axes
 + Level 1.3 Throwing
 + Level 8.5 Armour
 * Level 4.2 Dodging
 + Level 0.9 Stealth
 + Level 6.1 Shields
 * Level 9.9 Invocations
 * Level 6.9 Evocations
 * Level 4.3 Shapeshifting


You had 11 spell levels left.
You didn't know any spells.
Your spell library contained the following spells:

 Spells                   Type           Power      Damage    Failure   Level
 Jinxbite                 Hex            0%         N/A       75%         2
 Lee's Rapid Deconstruct  Erth           0%         3d4*      100%        5
 Yara's Violent Unravell  Hex/Alch       0%         3d3       100%        5
 Enfeeble                 Hex            0%         N/A       100%        7
 Ozocubu's Refrigeration  Ice            0%         4d7       100%        7
 Polar Vortex             Ice            0%         N/A       100%        9
 Animate Armour           Summ/Erth      Unusable   N/A       N/A         4
 Summon Lightning Spire   Summ/Air       Unusable   N/A       N/A         4
 Sculpt Simulacrum        Ice/Alch       Unusable   N/A       N/A         6

Dungeon Overview and Level Annotations

Branches:
Dungeon (10/15)            Temple (1/1) D:4            Lair (0/5) D:9
    Orc (2/2) D:10            Elf (0/3) Orc:2

Altars:
Ashenzari
Cheibriados
Dithmenos
Elyvilon
Fedhas
Gozag
Hepliaklqana
Kikubaaqudgha
Makhleb
Nemelex Xobeh
Okawaru
Qazlal
Ru
Sif Muna
Trog
Uskayaw
Vehumet
Wu Jian
Xom
Yredelemnul
Zin
The Shining One

Shops:
D:5 ?   D:6 ?:   D:8 (   D:9 *   D:10 =   Orc:2 (


Innate Abilities, Weirdness & Mutations

Your spellcasting is much less encumbered by armour.
You can use scrolls of enchantment on lesser artefacts.


Message History

You kill the two-headed ogre!
Okawaru accepts your kill.
You feel a little less mighty now.
An ogre comes into view. It is wielding a +0 giant club.
The ogre shouts!
The ogre hits you but does no damage.
You slice the ogre!!
The ogre is almost dead.
A two-headed ogre comes into view. It is wielding two +0 giant clubs.
The ogre closely misses you.
You barely miss the ogre.
The ogre is almost dead.
The ogre mage casts a spell at you. The bolt of magma hits you!!
* * * LOW HITPOINT WARNING * * *
Unknown command.
You feel better. You block the ogre mage's attack. The ogre closely misses you.
An ogre comes into view. It is wielding a +0 giant spiked club.
You feel very mighty all of a sudden.
The ogre shouts!
You slice the ogre!!
You kill the ogre!
Okawaru accepts your kill.
The ogre mage hits you but does no damage.
A two-headed ogre comes into view. It is wielding two +0 giant clubs.
You slice the ogre!!
The ogre is almost dead.
You slash the ogre! You drain the ogre.
Unknown command.
You slice the ogre!!
You kill the ogre!
Okawaru accepts your kill.
You barely miss the ogre. The ogre mage closely misses you.
The ogre hits you with a +0 giant club!
You slip backwards!
You hit the ogre. Okawaru accepts your kill.
You barely miss the ogre.
The ogre explodes!
The fiery explosion engulfs you!!!
You die...

**#..............$.......
**.............∩..........
***.,..#.#.###..............
***,*#...#.##,*###.##.........
**,,,,##.*.,,,,,* ###..........
*,,,,,#...#.**,*####...........
**,*,,....$.#**##.##...........
******,,..#....###...#...........
,,,,,,,,...O.O)O@§§..............
,,,,,,,,.O......§§§..............
*******,.########OO..............
**,,,,,,,,,...#*##)).............
,,,,,,,,,,,...O.*#O..............
,,,,,,,,,,,...O.)#.O.............
,,,,,,,∩∩,,OOO.)))(.#.#..........
,,,,,,,∩∩,,.O.))))..####..#......
,,,,,,,,,,,.O)).)#..# *###......


You could see 2 two-headed ogres, 2 ogre magi and 4 ogres.

Vanquished Creatures
  Erolcha (D:9)
  An ogre mage (Orc:2)
  12 two-headed ogres
  The ghost of ozjimbob the Cleaver, a novice MiFi of Uskayaw (D:10)
  2 orc high priests (Orc:2)
  Pikel (D:5)
  An obsidian bat (Orc:1)
  An orc sorcerer (Orc:2)
  An orc knight (Orc:1)
  A kobold blastminer (Orc:1)
  A gargoyle (D:10)
  Jeremiah (D:9)
  A komodo dragon (D:10)
  2 trolls
  A hornet (D:9)
  Grinder (D:3)
  The ghost of dilly the Sneak, an amateur KoBr (D:3)
  2 centaur simulacra (D:10)
  3 slime creatures (D:10)
  Sigmund (D:3)
  2 wyverns
  6 yaks (D:9)
  4 wargs
  4 steam dragons
  An acid dragon (D:10)
  A water moccasin (D:5)
  10 orc warriors
  6 ice beasts
  2 sky beasts (D:6)
  18 ogres
  2 wolves (D:10)
  The ghost of mungil the Charlatan, an amateur GnWn of Ignis (D:4)
  2 centaurs
  A black bear (D:6)
  A lemure (D:5)
  A kobold brigand (D:7)
  Blork the orc (D:6)
  A gnoll sergeant (D:8)
  2 scorpions
  8 wights
  7 killer bees (D:10)
  An electric eel (D:7)
  3 howler monkeys (D:9)
  2 bombardier beetles
  2 jellies (D:6)
  Crazy Yiuf (D:3)
  2 bullfrog skeletons (D:3)
  A sleepcap (D:7)
  2 hounds
  6 orc priests
  Jessica (D:2)
  2 iguanas
  11 orc wizards
  Robin (D:2)
  8 gnolls
  9 adders
  3 white imps (D:10)
  6 ufetubi
  A dart slug (D:1)
  A ribbon worm (D:3)
  28 orcs
  9 ball pythons
  4 endoplasms (D:1)
  4 giant cockroaches
  16 goblins
  12 hobgoblins
  11 jackals
  15 kobolds
  2 quokkas
  3 training dummies (D:8)
  4 bats
  2 frilled lizards
  9 rats
  A spectral goblin (D:8)
300 creatures vanquished.

Vanquished Creatures (others)
  2 orcs (D:8)
2 creatures vanquished.

Grand Total: 302 creatures vanquished

Notes
Turn   | Place    | Note
-------+----------+-------------------------------------------
     0 | D:1      | Dorkslayer the Mountain Dwarf Fighter began the quest for
                  | the Orb.
     0 | D:1      | Reached XP level 1. HP: 19/19 MP: 1/1
   111 | D:1      | Reached XP level 2. HP: 26/26 MP: 2/2
   219 | D:1      | You fall into a shaft and drop 1 floor!
   219 | D:2      | Found a faded altar of an unknown god.
   267 | D:2      | Reached skill level 3 in Axes
   267 | D:2      | Reached XP level 3. HP: 31/31 MP: 3/3
   515 | D:2      | Noticed Robin
   534 | D:2      | Reached XP level 4. HP: 16/40 MP: 4/4
   539 | D:2      | Killed Robin
   810 | D:1      | Reached skill level 4 in Axes
   908 | D:2      | Noticed Jessica
   919 | D:2      | Killed Jessica
  1174 | D:2      | Reached skill level 5 in Axes
  1174 | D:2      | Reached XP level 5. HP: 23/46 MP: 5/5
  1436 | D:3      | Identified a scroll of acquirement
  1436 | D:3      | Acquired a manual of Axes
  1555 | D:3      | Noticed Sigmund
  1562 | D:3      | Killed Sigmund
  1563 | D:3      | Reached skill level 6 in Axes
  1563 | D:3      | Reached XP level 6. HP: 30/52 MP: 6/6
  1652 | D:3      | Found a sacrificial altar of Ru.
  1683 | D:3      | Reached skill level 1 in Dodging
  2027 | D:3      | Found a transporter.
  2027 | D:3      | Noticed dilly's ghost (amateur KoBr)
  2029 | D:3      | Found a transporter.
  2059 | D:3      | Noticed Grinder
  2067 | D:3      | Paralysed by Grinder for 4 turns
  2075 | D:3      | Killed Grinder
  2076 | D:3      | Reached skill level 8 in Axes
  2076 | D:3      | Reached skill level 1 in Shapeshifting
  2076 | D:3      | Reached XP level 7. HP: 59/59 MP: 7/7
  2141 | D:3      | Found a runed translucent door.
  2142 | D:3      | Noticed Crazy Yiuf
  2151 | D:3      | Killed Crazy Yiuf
  2708 | D:4      | Found a staircase to the Ecumenical Temple.
  2734 | Temple   | Entered the Ecumenical Temple
  2746 | Temple   | Became a worshipper of Warmaster Okawaru
  2777 | D:4      | Found a large runed translucent door.
  2778 | D:4      | Found a large runed translucent door.
  2794 | D:4      | Noticed mungil's ghost (amateur GnWn)
  2814 | D:4      | Killed mungil's ghost
  2815 | D:4      | Reached skill level 9 in Axes
  3094 | D:4      | Reached skill level 1 in Invocations
  3228 | D:5      | Entered Level 5 of the Dungeon
  3447 | D:5      | Found Jom Pel's Magic Scroll Emporium.
  3449 | D:5      | Noticed Pikel
  3455 | D:5      | Bought a scroll of identify for 20 gold pieces
  3455 | D:5      | Bought a scroll of identify for 20 gold pieces
  3455 | D:5      | Bought a scroll of enchant weapon for 75 gold pieces
  3475 | D:5      | Killed Pikel
  3475 | D:5      | Reached * piety under Okawaru
  3476 | D:5      | Reached skill level 10 in Axes
  3476 | D:5      | Reached skill level 5 in Armour
  3476 | D:5      | Reached XP level 8. HP: 53/67 MP: 7/9
  3552 | D:5      | Acquired 1174 gold pieces
  3735 | D:5      | Reached ** piety under Okawaru
  3805 | D:5      | Reached skill level 11 in Axes
  4007 | D:5      | Found a basalt altar of Yredelemnul.
  4175 | D:3      | Killed dilly's ghost
  4374 | D:6      | Reached skill level 12 in Axes
  4394 | D:6      | Found a bloodstained altar of Trog.
  4404 | D:6      | Found Coipykene's Self-Published Books.
  4584 | D:6      | Reached XP level 9. HP: 72/72 MP: 11/11
  4646 | D:6      | Noticed Blork the orc
  4651 | D:6      | Killed Blork the orc
  4656 | D:6      | Reached *** piety under Okawaru
  4726 | D:6      | Found Cuxoxal's Magic Scroll Shop.
  4750 | D:6      | Bought a scroll of vulnerability for 48 gold pieces
  4750 | D:6      | Bought a scroll of immolation for 48 gold pieces
  4750 | D:6      | Bought a scroll of brand weapon for 114 gold pieces
  4750 | D:6      | Bought a scroll of poison for 48 gold pieces
  4873 | D:6      | Found an opulent altar of Gozag.
  4926 | D:6      | Found a stormy altar of Qazlal.
  4941 | D:6      | Reached skill level 13 in Axes
  5217 | D:5      | Bought a scroll of enchant armour for 75 gold pieces
  5217 | D:5      | Bought a scroll of enchant weapon for 75 gold pieces
  5217 | D:5      | Bought a scroll of silence for 95 gold pieces
  5217 | D:5      | Bought a scroll of teleportation for 30 gold pieces
  5270 | D:7      | Reached skill level 5 in Fighting
  5286 | D:7      | Reached skill level 14 in Axes
  5460 | D:7      | Found a shadowy altar of Dithmenos.
  5463 | D:7      | Identified the +2 leather armour of Miracles {Will+ Stlth+}
  5521 | D:7      | Reached skill level 1 in Evocations
  5895 | D:8      | Reached skill level 5 in Invocations
  5914 | D:8      | Reached **** piety under Okawaru
  5915 | D:8      | Reached skill level 15 in Axes
  6050 | D:8      | Found a hazy altar of Hepliaklqana.
  6483 | D:8      | Found Hirghu Faull's Firing Range.
  6795 | D:8      | Reached XP level 10. HP: 54/81 MP: 14/14
  6956 | D:8      | Reached skill level 16 in Axes
  7069 | D:8      | Bought 2 throwing nets for 84 gold pieces
  7133 | D:9      | Found Juexte's General Store.
  7151 | D:9      | Noticed Erolcha
  7180 | D:9      | Killed Erolcha
  7182 | D:9      | Noticed Jeremiah
  7203 | D:9      | Found a staircase to the Lair.
  7238 | D:9      | Killed Jeremiah
  7238 | D:9      | Reached ***** piety under Okawaru
  7571 | D:9      | Received a gift from Okawaru
  7779 | D:10     | Entered Level 10 of the Dungeon
  7792 | D:10     | Found a runed translucent gate.
  7792 | D:10     | Found a runed translucent gate.
  7792 | D:10     | Found a runed translucent gate.
  7809 | D:10     | Found Xust's Jewellery Shoppe.
  7904 | D:10     | Reached skill level 17 in Axes
  7989 | D:10     | Reached skill level 5 in Shields
  8000 | D:10     | Found a staircase to the Orcish Mines.
  8051 | D:10     | Noticed a gargoyle
  8054 | D:10     | Killed a gargoyle
  8055 | D:10     | Reached XP level 11. HP: 48/91 MP: 16/16
  8262 | D:10     | Noticed a two-headed ogre
  8276 | D:10     | Killed a two-headed ogre
  8276 | D:10     | Received a gift from Okawaru
  8545 | D:10     | Noticed ozjimbob's ghost (novice MiFi)
  8563 | D:10     | Killed ozjimbob's ghost
  8564 | D:10     | Reached skill level 5 in Evocations
  8722 | Orc:1    | Entered Level 1 of the Orcish Mines
  8818 | Orc:2    | Entered Level 2 of the Orcish Mines
  8951 | Orc:2    | Found a staircase to the Elven Halls.
  8967 | Orc:1    | Noticed an obsidian bat
  8977 | Orc:1    | Noticed an orc knight
  8985 | Orc:1    | Reached skill level 1 in Throwing
  8986 | Orc:1    | Killed an orc knight
  8986 | Orc:1    | Reached ****** piety under Okawaru
  8986 | Orc:1    | Received a gift from Okawaru
  8989 | Orc:1    | Killed an obsidian bat
  9034 | Orc:1    | Acquired the +2 pair of slick slippers {slick, slippery,
                  | EV+4}
  9034 | Orc:1    | Received a gift from Okawaru
  9034 | Orc:1    | Found the +2 pair of slick slippers {slick, slippery, EV+4}
  9041 | Orc:1    | Acquired a +0 broad axe of freezing
  9041 | Orc:1    | Received a gift from Okawaru
  9574 | Orc:2    | Noticed an orc sorcerer
  9575 | Orc:2    | Paralysed by an orc sorcerer for 3 turns
  9581 | Orc:2    | Killed an orc sorcerer
  9606 | Orc:2    | Noticed a two-headed ogre
  9613 | Orc:2    | Killed a two-headed ogre
  9643 | Orc:2    | Found Ojaid's Antique Weapon Boutique.
  9648 | Orc:2    | Noticed an orc high priest
  9651 | Orc:2    | Noticed an orc high priest
  9658 | Orc:2    | Reached skill level 18 in Axes
  9662 | Orc:2    | Killed an orc high priest
  9663 | Orc:2    | Killed an orc high priest
  9664 | Orc:2    | Reached XP level 12. HP: 85/101 MP: 11/18
  9694 | Orc:2    | Noticed a two-headed ogre
  9694 | Orc:2    | Noticed a two-headed ogre
  9694 | Orc:2    | Noticed a two-headed ogre
  9694 | Orc:2    | Noticed a two-headed ogre
  9694 | Orc:2    | Noticed a two-headed ogre
  9694 | Orc:2    | Noticed a two-headed ogre
  9695 | Orc:2    | Noticed a two-headed ogre
  9695 | Orc:2    | Noticed a two-headed ogre
  9695 | Orc:2    | Noticed an ogre mage
  9697 | Orc:2    | Noticed an ogre mage
  9697 | Orc:2    | Killed a two-headed ogre
  9697 | Orc:2    | Killed a two-headed ogre
  9697 | Orc:2    | Received a gift from Okawaru
  9698 | Orc:2    | Killed a two-headed ogre
  9698 | Orc:2    | Killed a two-headed ogre
  9698 | Orc:2    | Killed a two-headed ogre
  9702 | Orc:2    | Noticed a two-headed ogre
  9702 | Orc:2    | Killed a two-headed ogre
  9702 | Orc:2    | Killed a two-headed ogre
  9702 | Orc:2    | Killed a two-headed ogre
  9702 | Orc:2    | Received a gift from Okawaru
  9703 | Orc:2    | Noticed an ogre mage
  9703 | Orc:2    | Killed an ogre mage
  9703 | Orc:2    | Noticed a two-headed ogre
  9712 | Orc:2    | Killed a two-headed ogre
  9712 | Orc:2    | Killed a two-headed ogre
  9716 | Orc:2    | Noticed a two-headed ogre
  9720 | Orc:2    | Noticed a two-headed ogre
  9723 | Orc:2    | Killed by an exploding ogre... ignited by their inner flame

Illustrated notes

Levels and vault maps discovered:
D:1:      dpeg_arrival_solitude, layout_rooms
D:2:      layout_loops_ring, hellmonk_ecumenical_altar_pennies_from_heaven,
          uniq_jessica, uniq_robin
D:3:      minmay_general_purpose_star, layout_basic,
          mainiacjoe_overflow_small_starburst, gammafunk_ghost_mausoleum,
          uniq_grinder, uniq_crazy_yiuf_cottage, uniq_sigmund
D:4:      layout_gridville, minmay_temple_entry_mist,
          ebering_ghost_disaster_area, minmay_misc_feat_roman,
          kennysheep_small_square
D:5:      layout_basic, mainiacjoe_overflow_catwalk, serial_shops, shop,
          uniq_pikel
D:6:      layout_basic, trog_three_pillars_becter,
          nicolae_gozag_cash_rules_everything_around_me,
          nicolae_qazlal_style_of_elements, serial_shops,
          nicolae_shop_tiny_glass, nicolae_custom_books, uniq_blork_the_orc
D:7:      layout_cave_pools, nicolae_dithmenos_through_a_glass_darkly,
          minivault_14, skrybe_limestone_x
D:8:      layout_basic, nicolae_hepliaklqana_monster_ancestors,
          grunt_ministairs_14, nicolae_shop_firing_range
D:9:      layout_rooms, lair_entry_dummy, serial_shops, shop, uniq_erolcha,
          uniq_jeremiah
D:10:     layout_cave_pools, minmay_orc_entry_guard_dogs, serial_shops,
          nicolae_shop_competitors_out_of_business, gammafunk_ghost_icy,
          minmay_tree_intersection
Temple:   eino_wide_crystal_templ
Orc:1:    layout_caves
Orc:2:    st_orc_ogre_mass, layout_caves, serial_shops, shop

Skill      XL: |  1  2  3  4  5  6  7  8  9 10 11 12 |
---------------+-------------------------------------+-----
Axes           | 3 5 6 8 10 12 15 17 18 | 18.8
Armour         | 4 5 6 8 |  8.5
Shields        | 4 5 6 |  6.1
Dodging        | 1 2 3 4 |  4.2
Fighting       | 4 5 6 7 8 |  8.7
Shapeshifting  | 1 2 3 4 |  4.3
Invocations    | 2 3 5 7 9 |  9.9
Evocations     | 1 4 5 6 |  6.9
Throwing       | 1 |  1.3
Stealth        | |  0.9

Action                     |  1- 3 |  4- 6 |  7- 9 | 10-12 || total
---------------------------+-------+-------+-------+-------++-------
  Melee: War axe           |    93 |   108 |   309 |   270 ||   780
  Throw: Boomerang         |       |       |     2 |     3 ||     5
         Javelin           |       |       |       |     6 ||     6
 Invoke: Heroism           |       |       |       |     1 ||     1
         Finesse           |       |       |       |     1 ||     1
         Receive Weapon    |       |       |       |     1 ||     1
         Receive Armour    |       |       |       |     1 ||     1
  Evoke: Wand              |       |       |       |     2 ||     2
    Use: Potion            |     1 |     1 |     2 |     9 ||    13
         Scroll            |       |     9 |    19 |     5 ||    33
 Armour: Chain mail        |    98 |    77 |   211 |       ||   386
         Plate armour      |       |       |    31 |   158 ||   189
  Dodge: Dodged            |    52 |    40 |   112 |    89 ||   293
  Block: Buckler           |    25 |    26 |    54 |    47 ||   152

Table legend: (Time is in decaauts)
 A = Elapsed time spent in this place.
 B = Non-inter-level travel time spent in this place.
 C = Inter-level travel time spent in this place.
 D = Time resting spent in this place.
 E = Time spent auto-exploring this place.
 F = Levels seen in this place.
 G = Mean time per level.
                   A        B        C        D        E       F      G
               +--------+--------+--------+--------+--------+-----+--------+
         Total |   9650 |   9546 |    104 |    151 |   4342 |  13 |  742.3 |
       Dungeon |   8654 |   8550 |    104 |    125 |   4127 |  10 |  865.4 |
        Temple |     22 |     22 |      0 |      0 |      0 |   1 |   22.0 |
  Orcish Mines |    973 |    973 |      0 |     26 |    215 |   2 |  486.5 |
               +--------+--------+--------+--------+--------+-----+--------+

Top non-repeatable levels by time:
     D:3: 1314 daAuts
     D:8: 1207 daAuts
     D:5: 1026 daAuts
    D:10: 913 daAuts
     D:2: 893 daAuts
     D:6: 824 daAuts
     D:4: 655 daAuts
   Orc:1: 648 daAuts
     D:7: 630 daAuts
     D:9: 616 daAuts
     D:1: 571 daAuts
   Orc:2: 325 daAuts
  Temple: 22 daAuts
